 Seeded DCSS version 0.29-a0-821-g66395355a5 (webtiles) character file.

Game seed: 7284023535547480779 (custom seed)

13 flotson the Sneak (level 2, 0/24 HPs)
             Began as a Demonspawn Delver on July 7, 2022.
             Slain by a goblin
             ... wielding a +0 club
             ... led by Robin
              (3 damage)
             ... on level 3 of the Dungeon.
             The game lasted 00:01:27 (612 turns).

flotson the Sneak (Demonspawn Delver)                Turns: 612, Time: 00:01:27

Health: 0/24       AC:  5    Str: 12    XL:     2   Next: 24%
Magic:  2/2        EV: 11    Int: 11    God:
Gold:   35         SH:  0    Dex: 14    Spells: 1/1 levels left

rFire   . . .      SeeInvis .   a - +0 spear
rCold   . . .      Faith    .   (no shield)
rNeg    . . .      Spirit   .   h - +0 ring mail
rPois   .          Reflect  .   (no helmet)
rElec   .          Harm     .   (no cloak)
rCorr   .          Rampage  .   (no gloves)
Will    .....                   (no boots)
Stlth   ++........              (no amulet)
HPRegen 0.08/turn               (no ring)
MPRegen 0.08/turn               (no ring)

@: no status effects
A: sturdy frame 1
a: no special abilities


You were on level 3 of the Dungeon.
You visited 1 branch of the dungeon, and saw 4 of its levels.

You collected 35 gold pieces.

Inventory:

Hand Weapons
 a - a +0 spear (weapon)
 b - a +0 sling
Armour
 h - a +0 ring mail (worn)
Wands
 g - a wand of digging (2)
Scrolls
 c - a scroll of fog
 d - a scroll of magic mapping
 e - a scroll of fear
 i - a scroll of brand weapon {unknown}
Potions
 f - a potion of lignification {unknown}


   Skills:
 + Level 3.1 Fighting
 + Level 0.5(1.3) Axes
 - Level 1.7(1.8) Polearms
 + Level 0.3 Armour
 + Level 1.9 Dodging
 + Level 4.6 Stealth
 + Level 0.5 Evocations


You had one spell level left.
You didn't know any spells.
Your spell library was empty.

Dungeon Overview and Level Annotations

Branches:
Dungeon (5/15)
 Temple: D:4-7

Altars:

Shops:
D:4 *

Annotations:
D:2 Robin


Innate Abilities, Weirdness & Mutations

Your movements are slightly less encumbered by armour. (ER -2)


Message History

The goblin is almost dead.
A goblin comes into view. It is wielding a +0 club.
The goblin closely misses you.
You hit the goblin.
You kill the goblin!
The hobgoblin hits you but does no damage.
You hit the hobgoblin.
The hobgoblin is moderately wounded.
The hobgoblin hits you but does no damage.
Robin throws the goblin at you!
You closely miss the goblin.
The hobgoblin hits you but does no damage.
The goblin barely misses you. Robin throws the goblin at you!
The goblin hits you with a +0 dagger. The hobgoblin closely misses you.
The goblin hits you with a +0 club.
Robin roars a battlecry!
The goblins go into a battle-frenzy!
The goblin barely misses you. The goblin barely misses you.
The goblin closely misses you.
There is a stone staircase leading down here.
The goblin hits you but does no damage. The hobgoblin closely misses you.
The goblin completely misses you.
You climb downwards.
The rat barely misses you.
There is a stone staircase leading up here.
You closely miss the goblin. The rat bites you but does no damage.
The goblin hits you but does no damage. The goblin hits you with a +0 club.
You closely miss the goblin. The rat barely misses you.
The goblin hits you with a +0 dagger. The goblin closely misses you.
The jackal barks!
You hit the goblin but do no damage. The rat misses you.
The goblin barely misses you. x2
You hit the goblin but do no damage. The rat closely misses you.
The goblin hits you with a +0 club.
* * * LOW HITPOINT WARNING * * *
The goblin hits you but does no damage.
You barely miss the goblin. The rat closely misses you.
The goblin hits you with a +0 dagger.
* * * LOW HITPOINT WARNING * * *
The goblin hits you with a +0 club.
You die...

... .K
.!.###.
.......
....h.!
.......
......h##
#..Kg#
#g## #r@#
##g# ...
##...
.....
.##... #
##.# ..


You could see 2 jackals, a hobgoblin (strong), 2 goblins, a kobold and a rat.

Vanquished Creatures
  An adder (D:4)
  2 goblins (D:2)
  A quokka (D:2)
4 creatures vanquished.

Notes
Turn   | Place    | Note
-------+----------+-------------------------------------------
     0 | D:5      | flotson the Demonspawn Delver began the quest for the Orb.
     0 | D:5      | Reached XP level 1. HP: 18/18 MP: 1/1
   118 | D:4      | Found Leid's General Store.
   212 | D:4      | Gained mutation: Your movements are slightly less
                  | encumbered by armour. (ER -2) [demonic ancestry]
   212 | D:4      | Reached XP level 2. HP: 12/24 MP: 2/2
   391 | D:4      | Noticed an ogre
   549 | D:2      | Noticed Robin
   612 | D:3      | Slain by a goblin

Illustrated notes

Levels and vault maps discovered:
D:2:      layout_basic, basic_altar, uniq_terence, uniq_robin, uniq_natasha
D:3:      layout_rooms, hex_medium, kennysheep_small_spiral,
          chequers_serial_rivers_marsh, uniq_crazy_yiuf_cottage
D:4:      layout_basic, gammafunk_ghost_necromancy, serial_shops,
          nicolae_shop_hallway_plus
D:5:      layout_loops_cross, serial_shops, nicolae_shop_behind_doors,
          kennysheep_small_square

Action                   || total
-------------------------++-------
Melee: Spear             ||    36
Evoke: Wand              ||     1
  Use: Potion            ||     1
Armor: Ring mail         ||    12
Dodge: Dodged            ||    27

Table legend: (Time is in decaauts)
 A = Elapsed time spent in this place.
 B = Non-inter-level travel time spent in this place.
 C = Inter-level travel time spent in this place.
 D = Time resting spent in this place.
 E = Time spent auto-exploring this place.
 F = Levels seen in this place.
 G = Mean time per level.
                   A        B        C        D        E       F      G
               +--------+--------+--------+--------+--------+-----+--------+
         Total |    595 |    595 |      0 |     99 |    330 |   4 |  148.8 |
       Dungeon |    595 |    595 |      0 |     99 |    330 |   4 |  148.8 |
               +--------+--------+--------+--------+--------+-----+--------+

Top non-repeatable levels by time:
     D:4: 387 daAuts
     D:2: 171 daAuts
     D:5: 28 daAuts
     D:3: 8 daAuts
